PAAA
BAKERSFIELD NOBLES @ MEMPHIS REDBIRDS
05/29/2041
 
TOP OF THE 1ST
Bakersfield Nobles batting - Pitching for Memphis Redbirds : RHP Denie Coppens
Pitching: RHP Denie Coppens
Batting: LHB Domingo Ramos 0-0: DOUBLE (Line Drive, 7LM, EV 105.6 MPH)
Batting: RHB Frank Ray 0-0: Ball
1-0: Ball
2-0: Ball
3-0: Ground out 4-3 (Groundball, 4, EV 86.9 MPH)
Domingo Ramos to third
Batting: LHB Bharti Mona 0-0: Called Strike
0-1: Ball
1-1: Ball
2-1: Foul Ball, location: 2F
2-2: Strikes out swinging
Batting: RHB Masafumi Kawaguchi 0-0: Ball
1-0: Ball
2-0: SINGLE (Groundball, 56D, EV 104.4 MPH)
Domingo Ramos scores
Batting: RHB Rocky Moran 0-0: Ball
1-0: Foul Ball, location: 2F
1-1: Fielders Choice at 2nd, 6-4 (Groundball, 56, EV 81.9 MPH)
Top of the 1st over - 1 run, 2 hits, 0 errors, 1 left on base; Bakersfield 1 - Memphis 0
BOTTOM OF THE 1ST
Memphis Redbirds batting - Pitching for Bakersfield Nobles : RHP Hikaru Yamaguchi
Pitching: RHP Hikaru Yamaguchi
Batting: RHB Dave Bauer 0-0: Ball
1-0: Swinging Strike
1-1: Ball
2-1: Ground out 5-3 (Groundball, 5, EV 100.0 MPH)
Batting: LHB Henry Madore 0-0: Ball
1-0: Called Strike
1-1: Ball
2-1: Ball
3-1: Base on Balls
Batting: LHB Warren King 0-0: Ball
1-0: Fielders Choice at 2nd, 4-6 (Groundball, 4, EV 79.4 MPH)
Batting: RHB Iiri Haapajarvi 0-0: Ball
Warren King is caught stealing 2nd base 2-4
Bottom of the 1st over - 0 runs, 0 hits, 0 errors, 0 left on base; Bakersfield 1 - Memphis 0
TOP OF THE 2ND
Bakersfield Nobles batting - Pitching for Memphis Redbirds : RHP Denie Coppens
Batting: RHB Sadiya Seth 0-0: Ball
1-0: Ball
2-0: Called Strike
2-1: Foul Ball, location: 2F
2-2: Fly out, F7 (Flyball, 7D, EV 83.1 MPH)
Batting: RHB Emílio Ramírez 0-0: Foul Ball, location: 2F
0-1: Ball
1-1: Ball
2-1: Ball
3-1: Base on Balls
Batting: RHB Giobbe Bastedo 0-0: Ball
1-0: Ball
2-0: Ball
3-0: Base on Balls
Emílio Ramírez to second
Batting: RHB Carlos Miranda 0-0: Called Strike
0-1: Called Strike
0-2: SINGLE (Groundball, 56S, EV 68.1 MPH) (infield hit)
Emílio Ramírez to third
Giobbe Bastedo to second
Batting: LHB Domingo Ramos 0-0: GRAND SLAM HOME RUN (Flyball, 89XD, EV 91.9 MPH), Distance : 418 ft
Batting: RHB Frank Ray 0-0: Swinging Strike
0-1: Swinging Strike
0-2: Foul Ball, location: 2F
0-2: Strikes out swinging
Batting: LHB Bharti Mona 0-0: Ball
1-0: Called Strike
1-1: Ball
2-1: Ball
3-1: Base on Balls
Batting: RHB Masafumi Kawaguchi 0-0: Ball
Bharti Mona steals 2nd base
1-0: Foul Ball, location: 2F
1-1: Fly out, F7 (Line Drive, 7, EV 91.2 MPH)
Top of the 2nd over - 4 runs, 2 hits, 0 errors, 1 left on base; Bakersfield 5 - Memphis 0
BOTTOM OF THE 2ND
Memphis Redbirds batting - Pitching for Bakersfield Nobles : RHP Hikaru Yamaguchi
Batting: RHB Iiri Haapajarvi 0-0: Ball
1-0: Foul Ball, location: 2F
1-1: DOUBLE (Groundball, 5L, EV 107.5 MPH)
Batting: RHB Jesús Capmany 0-0: Ball
1-0: Ball
2-0: Called Strike
2-1: Ball
3-1: Ground out 5-3 (Groundball, 56, EV 104.4 MPH)
Batting: RHB Steve Marwat 0-0: Called Strike
Iiri Haapajarvi is caught stealing 3rd base 2-5
0-1: Fly out, F3 (Line Drive, 3, EV 70.6 MPH)
Bottom of the 2nd over - 0 runs, 1 hit, 0 errors, 0 left on base; Bakersfield 5 - Memphis 0
TOP OF THE 3RD
Bakersfield Nobles batting - Pitching for Memphis Redbirds : RHP Denie Coppens
Batting: RHB Rocky Moran 0-0: Ball
1-0: Swinging Strike
1-1: Swinging Strike
1-2: Strikes out looking
Batting: RHB Sadiya Seth 0-0: Foul Ball, location: 2F
0-1: Called Strike
0-2: Ball
1-2: Ball
2-2: SOLO HOME RUN (Flyball, 7LD, EV 100.6 MPH), Distance : 336 ft
Pitching: RHP Perry MacAldonich
Batting: RHB Emílio Ramírez 0-0: Ball
1-0: Ball
2-0: Ball
3-0: Base on Balls
Batting: RHB Giobbe Bastedo 0-0: Ball
1-0: Foul Ball, location: 2F
1-1: Ball
2-1: Called Strike
2-2: Foul Ball, location: 2F
2-2: Ball
Emílio Ramírez steals 2nd base
3-2: Foul Ball, location: 2F
3-2: Ground out 1-3 (Groundball, 13, EV 89.4 MPH)
Emílio Ramírez to third
Batting: RHB Carlos Miranda 0-0: Ball
1-0: Foul Ball, location: 2F
1-1: Ball
2-1: Ball
3-1: Base on Balls
Batting: LHB Domingo Ramos 0-0: Ball
1-0: Foul Ball, location: 2F
1-1: SINGLE (Groundball, 34, EV 83.8 MPH) (infield hit)
Emílio Ramírez scores
Carlos Miranda to second
Batting: RHB Frank Ray 0-0: Foul Ball, location: 2F
0-1: Fly out, F8 (Flyball, 8LS, EV 84.4 MPH)
Top of the 3rd over - 2 runs, 2 hits, 0 errors, 2 left on base; Bakersfield 7 - Memphis 0
BOTTOM OF THE 3RD
Memphis Redbirds batting - Pitching for Bakersfield Nobles : RHP Hikaru Yamaguchi
Batting: RHB Ed Roth 0-0: Called Strike
0-1: Fly out, F7 (Flyball, 7D, EV 83.1 MPH)
Batting: RHB Gonzalo Quintanilla 0-0: Called Strike
0-1: Ball
1-1: Called Strike
1-2: SINGLE (Line Drive, 6MD, EV 95.0 MPH)
Batting: RHB Bernardo Rodríguez 0-0: Swinging Strike
0-1: Swinging Strike
0-2: Strikes out swinging
Batting: RHB Dave Bauer 0-0: Called Strike
0-1: Foul Ball, location: 2F
0-2: Ball
1-2: Foul Ball, location: 2F
1-2: Fielders Choice at 2nd, 6-4 (Groundball, 6, EV 92.5 MPH)
Bottom of the 3rd over - 0 runs, 1 hit, 0 errors, 1 left on base; Bakersfield 7 - Memphis 0
TOP OF THE 4TH
Bakersfield Nobles batting - Pitching for Memphis Redbirds : RHP Perry MacAldonich
Batting: LHB Bharti Mona 0-0: Called Strike
0-1: Fly out, F9 (Flyball, 9D, EV 91.9 MPH)
Batting: RHB Masafumi Kawaguchi 0-0: Ball
1-0: Swinging Strike
1-1: Ball
2-1: Foul Ball, location: 2F
2-2: SINGLE (Groundball, 34D, EV 102.5 MPH)
Batting: RHB Rocky Moran 0-0: Called Strike
0-1: Swinging Strike
0-2: Ball
1-2: SINGLE (Groundball, 34D, EV 96.9 MPH)
Masafumi Kawaguchi to second
Batting: RHB Sadiya Seth 0-0: Ball
1-0: Called Strike
1-1: Ball
2-1: Ball
3-1: Base on Balls
Masafumi Kawaguchi to third
Rocky Moran to second
Batting: RHB Emílio Ramírez 0-0: Ball
1-0: Foul Ball, location: 2F
1-1: Foul Ball, location: 2F
1-2: Foul Ball, location: 2F
1-2: Ball
2-2: Grounds into double play, 5-4-3 (Groundball, 56, EV 84.4 MPH)
Top of the 4th over - 0 runs, 2 hits, 0 errors, 2 left on base; Bakersfield 7 - Memphis 0
BOTTOM OF THE 4TH
Memphis Redbirds batting - Pitching for Bakersfield Nobles : RHP Hikaru Yamaguchi
Batting: LHB Henry Madore 0-0: Ball
1-0: Ball
2-0: Fly out, F4 (Popup, 34, EV 68.1 MPH)
Batting: LHB Warren King 0-0: Fly out, F8 (Flyball, 8LXD, EV 78.1 MPH)
Batting: RHB Iiri Haapajarvi 0-0: Ground out 6-3 (Groundball, 6, EV 83.1 MPH)
Bottom of the 4th over - 0 runs, 0 hits, 0 errors, 0 left on base; Bakersfield 7 - Memphis 0
TOP OF THE 5TH
Bakersfield Nobles batting - Pitching for Memphis Redbirds : RHP Perry MacAldonich
Batting: RHB Giobbe Bastedo 0-0: Ball
1-0: Foul Ball, location: 2F
1-1: SINGLE (Groundball, 56D, EV 95.6 MPH)
Batting: RHB Carlos Miranda 0-0: Ball
1-0: Foul Ball, location: 2F
1-1: Ball
2-1: DOUBLE (Groundball, 5L, EV 104.4 MPH)
Giobbe Bastedo to third
Batting: LHB Domingo Ramos 0-0: Called Strike
0-1: Swinging Strike
0-2: SINGLE (Groundball, 34S, EV 71.9 MPH) (infield hit)
Batting: RHB Frank Ray 0-0: Fly out, F7 (Flyball, 78M, EV 78.1 MPH)
Runner from 3rd tags up, SCORES, no throw by LF
Batting: LHB Bharti Mona 0-0: Called Strike
0-1: Called Strike
0-2: Ball
1-2: Ball
2-2: Foul Ball, location: 2F
2-2: Grounds out, U3 (Groundball, 3L, EV 83.8 MPH)
Carlos Miranda to third
Batting: RHB Masafumi Kawaguchi 0-0: DOUBLE (Flyball, 89XD, EV 106.2 MPH)
Carlos Miranda scores
Domingo Ramos scores
Batting: RHB Rocky Moran 0-0: Ground out 5-3 (Groundball, 56, EV 83.8 MPH)
Top of the 5th over - 3 runs, 4 hits, 0 errors, 1 left on base; Bakersfield 10 - Memphis 0
BOTTOM OF THE 5TH
Memphis Redbirds batting - Pitching for Bakersfield Nobles : RHP Hikaru Yamaguchi
Batting: RHB Jesús Capmany 0-0: Called Strike
0-1: Fly out, F6 (Popup, 4M, EV 48.8 MPH)
Batting: RHB Steve Marwat 0-0: Called Strike
0-1: Foul Ball, location: 2F
0-2: Ball
1-2: Ball
2-2: Ball
3-2: Fly out, F8 (Flyball, 89M, EV 91.9 MPH)
Batting: RHB Ed Roth 0-0: Ball
1-0: Foul Ball, location: 2F
1-1: Fly out, F9 (Line Drive, 9, EV 95.0 MPH)
Bottom of the 5th over - 0 runs, 0 hits, 0 errors, 0 left on base; Bakersfield 10 - Memphis 0
TOP OF THE 6TH
Bakersfield Nobles batting - Pitching for Memphis Redbirds : RHP Perry MacAldonich
Batting: RHB Sadiya Seth 0-0: Swinging Strike
0-1: Called Strike
0-2: Foul Ball, location: 2F
0-2: Ball
1-2: Foul Ball, location: 2F
1-2: Ball
2-2: Foul Ball, location: 2F
2-2: Foul Ball, location: 2F
2-2: Ground out 5-3 (Groundball, 56, EV 110.0 MPH)
Pitching: RHP George Kane
Batting: RHB Emílio Ramírez 0-0: SINGLE (Line Drive, 7LS, EV 102.5 MPH)
Batting: RHB Giobbe Bastedo 0-0: Ball
1-0: Called Strike
1-1: Ball
2-1: Swinging Strike
2-2: Ball
3-2: Foul Ball, location: 2F
3-2: Strikes out looking
Emílio Ramírez is caught stealing 2nd base 2-4
Batter strikes out.
Top of the 6th over - 0 runs, 1 hit, 0 errors, 0 left on base; Bakersfield 10 - Memphis 0
BOTTOM OF THE 6TH
Memphis Redbirds batting - Pitching for Bakersfield Nobles : RHP Hikaru Yamaguchi
Batting: RHB Gonzalo Quintanilla 0-0: Fly out, F8 (Line Drive, 8RD, EV 104.4 MPH)
Batting: RHB Bernardo Rodríguez 0-0: Ball
1-0: Fly out, F9 (Flyball, 9S, EV 86.2 MPH)
Batting: RHB Dave Bauer 0-0: Ball
1-0: Ball
2-0: DOUBLE (Line Drive, 9LM, EV 105.6 MPH)
Batting: LHB Henry Madore 0-0: SINGLE (Line Drive, 7LS, EV 93.1 MPH)
Dave Bauer to third
Batting: LHB Warren King 0-0: Ball
1-0: SINGLE (Line Drive, 4MD, EV 93.8 MPH)
Dave Bauer scores
Henry Madore to second
Batting: RHB Iiri Haapajarvi 0-0: Called Strike
0-1: Ground out 4-3 (Groundball, 4S, EV 88.8 MPH)
Bottom of the 6th over - 1 run, 3 hits, 0 errors, 2 left on base; Bakersfield 10 - Memphis 1
TOP OF THE 7TH
Bakersfield Nobles batting - Pitching for Memphis Redbirds : RHP George Kane
Batting: RHB Carlos Miranda 0-0: Called Strike
0-1: Ball
1-1: Ball
2-1: Swinging Strike
2-2: Ball
3-2: Base on Balls
Batting: LHB Domingo Ramos 0-0: Grounds into double play, 5-4-3 (Groundball, 5, EV 81.9 MPH)
Batting: RHB Frank Ray 0-0: Ball
1-0: Swinging Strike
1-1: SOLO HOME RUN (Flyball, 7D, EV 101.9 MPH), Distance : 367 ft
Batting: LHB Bharti Mona 0-0: Ball
1-0: Called Strike
1-1: Ball
2-1: Fly out, F7 (Flyball, 7D, EV 103.1 MPH)
Top of the 7th over - 1 run, 1 hit, 0 errors, 0 left on base; Bakersfield 11 - Memphis 1
BOTTOM OF THE 7TH
Memphis Redbirds batting - Pitching for Bakersfield Nobles : RHP Hikaru Yamaguchi
Batting: RHB Jesús Capmany 0-0: Called Strike
0-1: Foul Ball, location: 2F
0-2: SINGLE (Line Drive, 78S, EV 110.6 MPH)
Batting: RHB Steve Marwat 0-0: Ball
1-0: Foul Ball, location: 2F
1-1: Fly out, F8 (Flyball, 8LS, EV 90.0 MPH)
Pinch Hitting: RHB José Díaz 0-0: Ball
1-0: Fielders Choice at 2nd, 2-4 (Groundball, 15S, EV 61.2 MPH)
Batting: RHB Gonzalo Quintanilla 0-0: Called Strike
0-1: Ball
1-1: Ball
2-1: Ground out 1-3 (Groundball, 15S, EV 63.8 MPH)
Bottom of the 7th over - 0 runs, 1 hit, 0 errors, 1 left on base; Bakersfield 11 - Memphis 1
TOP OF THE 8TH
Bakersfield Nobles batting - Pitching for Memphis Redbirds : RHP George Kane
Now in LF: José Díaz
Batting: RHB Masafumi Kawaguchi 0-0: Ball
1-0: Ball
2-0: Called Strike
2-1: Called Strike
2-2: Strikes out swinging
Pinch Hitting: RHB Asbel Kiprop 0-0: Foul Ball, location: 2F
0-1: Foul Ball, location: 2F
0-2: Fly out, F8 (Flyball, 8RM, EV 83.8 MPH)
Batting: RHB Sadiya Seth 0-0: Called Strike
0-1: Foul Ball, location: 2F
0-2: Ball
1-2: Strikes out looking
Top of the 8th over - 0 runs, 0 hits, 0 errors, 0 left on base; Bakersfield 11 - Memphis 1
BOTTOM OF THE 8TH
Memphis Redbirds batting - Pitching for Bakersfield Nobles : RHP Hikaru Yamaguchi
Now in RF: Asbel Kiprop
Batting: RHB Bernardo Rodríguez 0-0: Ball
1-0: Fly out, F8 (Flyball, 8LD, EV 98.1 MPH)
Pitching: RHP Sam Mooney
Batting: RHB Dave Bauer 0-0: Called Strike
0-1: Ground out 5-3 (Groundball, 56, EV 88.8 MPH)
Batting: LHB Henry Madore 0-0: Swinging Strike
0-1: Foul Ball, location: 2F
0-2: Ball
1-2: Foul Ball, location: 2F
1-2: Strikes out swinging
Bottom of the 8th over - 0 runs, 0 hits, 0 errors, 0 left on base; Bakersfield 11 - Memphis 1
TOP OF THE 9TH
Bakersfield Nobles batting - Pitching for Memphis Redbirds : RHP George Kane
Batting: RHB Emílio Ramírez 0-0: Ball
1-0: Foul Ball, location: 2F
1-1: Ball
2-1: Swinging Strike
2-2: Ground out 4-3 (Groundball, 4M, EV 82.5 MPH)
Batting: RHB Giobbe Bastedo 0-0: Fly out, F9 (Flyball, 89D, EV 83.1 MPH)
Batting: RHB Carlos Miranda 0-0: Ball
1-0: Called Strike
1-1: Ball
2-1: Called Strike
2-2: Foul Ball, location: 2F
2-2: Fly out, F8 (Line Drive, 8LD, EV 109.4 MPH)
Top of the 9th over - 0 runs, 0 hits, 0 errors, 0 left on base; Bakersfield 11 - Memphis 1
BOTTOM OF THE 9TH
Memphis Redbirds batting - Pitching for Bakersfield Nobles : RHP Sam Mooney
Pinch Hitting: RHB Alfredo Reyes 0-0: Called Strike
0-1: SINGLE (Groundball, 56D, EV 96.2 MPH)
Batting: RHB Iiri Haapajarvi 0-0: Called Strike
0-1: Foul Ball, location: 2F
0-2: Ball
1-2: Foul Ball, location: 2F
1-2: SINGLE (Groundball, 56, EV 103.1 MPH) (infield hit)
Alfredo Reyes to second
Pinch Hitting: RHB Miguel Silva 0-0: Ball
1-0: Called Strike
1-1: Ball
2-1: Ball
3-1: Called Strike
3-2: Strikes out looking
Batting: RHB Steve Marwat 0-0: Ball
1-0: Called Strike
1-1: Grounds into double play, 4-6-3 (Groundball, 4, EV 83.8 MPH)
Bottom of the 9th over - 0 runs, 2 hits, 0 errors, 1 left on base; Bakersfield 11 - Memphis 1
Tuesday, January 5th, 2021 - OOTP Baseball 20.8 Build 74